 Dungeon Crawl Stone Soup version 0.31.0-32-g396128a36d (webtiles) character file.

Game seed: 4572714928882233502

91 hawla the Firebug (level 4, -6/24 HPs)
             Began as a Deep Elf Fire Elementalist on Apr 14, 2024.
             Mangled by a crocodile (10 damage)
             ... in a sewer.
             The game lasted 00:05:27 (2358 turns).

hawla the Firebug (Deep Elf Fire Elementalist)      Turns: 2358, Time: 00:05:28

Health: -6/24      AC:  6    Str:  5    XL:     4   Next: 33%
Magic:  8/10       EV: 12    Int: 22    God:
Gold:   87         SH:  0    Dex: 15    Spells: 2/9 levels left

rFire   + . .        (no weapon)
rCold   . . .        (no shield)
rNeg    + . .        m - +0 robe of Adwal {rF+ rN+ Regen+}
rPois   .            f - +2 helmet
rElec   .            (no cloak)
rCorr   .            b - +0 pair of gloves
SInv    .            (no boots)
Will    .....        i - amulet of the acrobat
Stlth   ++           (no ring)
HPRegen 1.04/turn    (no ring)
MPRegen 0.12/turn

%: acrobat
@: mighty, hasted, very quick
A: no striking features
a: no special abilities


You were in a sewer.
You visited 1 branch of the dungeon, and saw 3 of its levels.
You also visited: Sewer.

You collected 87 gold pieces.

Inventory:

Armour
 b - a +0 pair of gloves (worn)
 f - a +2 helmet (worn)
 m - the +0 robe of Adwal (worn) {rF+ rN+ Regen+}
   (You found it on level 2 of the Dungeon)

   rF+:       It protects you from fire.
   rN+:       It protects you from negative energy.
   Regen+:    It increases your rate of health regeneration.
Jewellery
 i - an amulet of the acrobat (around neck)
Scrolls
 a - 2 scrolls of identify
 e - a scroll of amnesia
 h - a scroll of fog
Potions
 g - a potion of curing
 k - a potion of brilliance {unknown}
 l - a potion of invisibility {unknown}


   Skills:
 - Level 2.4 Dodging
 - Level 2.4 Stealth
 + Level 3.1 Spellcasting
 * Level 1.4 Conjurations
 * Level 5.5 Fire Magic


You had 2 spell levels left.
You knew the following spells:

 Your Spells              Type           Power      Damage    Failure   Level
a - Foxfire               Conj/Fire      72%        2x1d7     3%          1
b - Scorch                Fire           54%        2d7       1%          2
c - Flame Wave            Conj/Fire      18%        2d7       28%         4

Your spell library contained the following spells:

 Spells                   Type           Power      Damage    Failure   Level
 Ensorcelled Hibernation  Hex/Ice        6%         N/A       19%         2
 Inner Flame              Hex/Fire       15%        N/A       12%         3
 Volatile Blastmotes      Fire/Tloc      30%        2d12      12%         3
 Fugue of the Fallen      Necr           3%         N/A       36%         3
 Anguish                  Hex/Necr       1%         N/A       77%         4


Dungeon Overview and Level Annotations

Branches:
Dungeon (3/15)              Sewer (1/1)

Altars:


Message History

The brain worm bites you.
The brain worm's throbbing head pulsates.
Something gnaws heavily on your mind!
Ouch! That really hurt!
You feel your power leaking away.
The brain worm is no longer more vulnerable to fire.
There is a gate leading back out of this place here.
It was a potion of might.
You feel very mighty all of a sudden.
Your magical contamination has completely faded away.
It was a potion of ambrosia.
You are confused.
You feel invigorated.
You're too confused to cast spells.
You bump into the stone wall.
The crocodile completely misses you. The crocodile bites you.
The brain worm's throbbing head pulsates.
Something gnaws on your mind!
You feel your power leaking away.
You bump into the stone wall.
The crocodile bites you but does no damage.
You bump into the stone wall.
You hit the crocodile.
The crocodile is moderately wounded.
The crocodile bites you.
You hit the crocodile.
The crocodile is moderately wounded.
The crocodile barely misses you.
You bump into the stone wall.
You bump into the stone wall.
You feel less invigorated.
You feel less confused. The crocodile bites you!
Ouch! That really hurt!
The brain worm's throbbing head pulsates.
Something gnaws on your mind!
* * * LOW HITPOINT WARNING * * *
You feel your power leaking away. The crocodile bites you!
You die...

##...## ##.##
#.# #.# #.# #.#
#.#
..####.########
....!.......wl@#
...####.########
#.# #.# ###


You could see a crocodile and a brain worm.

Vanquished Creatures
  An adder (D:2)
  A river rat (D:3)
  A ribbon worm (D:2)
  3 dart slugs
  10 ball pythons
  8 bats
  3 endoplasms (D:1)
  7 giant cockroaches
  6 goblins
  6 hobgoblins
  4 kobolds (D:1)
  2 quokkas
  2 frilled lizards (D:2)
  2 rats (D:3)
56 creatures vanquished.

Vanquished Creatures (others)
  90 foxfires
90 creatures vanquished.

Grand Total: 146 creatures vanquished

Notes
Turn   | Place    | Note
-------+----------+-------------------------------------------
     0 | D:1      | hawla the Deep Elf Fire Elementalist began the quest for
                  | the Orb.
     0 | D:1      | Reached XP level 1. HP: 10/10 MP: 6/6
   138 | D:1      | Reached XP level 2. HP: 15/15 MP: 4/8
   196 | D:1      | Reached skill level 4 in Fire Magic
   294 | D:1      | Learned a level 2 spell: Scorch
   559 | D:1      | Reached XP level 3. HP: 19/19 MP: 6/9
  1167 | D:2      | Reached skill level 5 in Fire Magic
  1316 | D:2      | Identified the +0 robe of Adwal {rF+ rN+ Regen+}
  2139 | D:3      | Reached XP level 4. HP: 24/24 MP: 7/10
  2144 | D:3      | Learned a level 4 spell: Flame Wave
  2208 | D:3      | Found a glowing drain.
  2219 | Sewer    | Entered a sewer
  2324 | Sewer    | Noticed a brain worm
  2328 | Sewer    | Noticed a crocodile
  2358 | Sewer    | Mangled by a crocodile

Illustrated notes

Levels and vault maps discovered:
D:1:      dpeg_arrival_castle, layout_basic
D:2:      layout_basic, patterned_corridor
D:3:      layout_loops_corners, portal_sewer_entry_e, kennysheep_pointless_box,
          uniq_jessica
Sewer:    sewer_big_baddie

Skill      XL: |  1  2  3 |
---------------+----------+-----
Fire Magic     | 4 5 |  5.5
Dodging        | |  2.4
Stealth        | |  2.4
Spellcasting   | |  3.1
Conjurations   | |  1.4

Action                     |  1- 3 |  4- 6 || total
---------------------------+-------+-------++-------
  Melee: Unarmed           |     1 |    10 ||    11
   Cast: Foxfire           |    47 |     7 ||    54
         Scorch            |    22 |     8 ||    30
    Use: Potion            |     1 |     4 ||     5
         Scroll            |     2 |       ||     2
 Armour: Robe              |     3 |    12 ||    15
  Dodge: Dodged            |    12 |    23 ||    35
